 Dungeon Crawl Stone Soup version 0.32-a0-411-g744942f433 (webtiles) character file.

Game seed: 12250060959818512867

17810 ezpacito the Fighter (level 12, 0/92 HPs)
             Began as a Demonspawn Chaos Knight on Feb 21, 2024.
             Was a Plaything of Xom.
             Killed from afar by a gargoyle (13 damage)
             ... with a stone arrow
             ... summoned by Xom
             ... on level 11 of the Dungeon.
             The game lasted 00:26:27 (11848 turns).

ezpacito the Fighter (Demonspawn Chaos Knight)     Turns: 11848, Time: 00:26:29

Health: 0/92       AC: 14    Str: 14    XL:     12   Next: 22%
Magic:  19/19      EV: 14    Int: 11    God:    Xom [.*....]
Gold:   1303       SH:  0    Dex: 24    Spells: 7/21 levels left

rFire   + . .        I - +3 executioner's axe (distort)
rCold   + + +        (shield currently unavailable)
rNeg    . . .        q - +3 scale mail {rC+}
rPois   +            O - +1 hat
rElec   +            (no cloak)
rCorr   +            K - +0 pair of gloves
SInv    .            f - +0 pair of boots
Will    .....        o - amulet of faith
Stlth   ++           R - +6 ring of dexterity
HPRegen 0.35/turn    E - ring of poison resistance
MPRegen 0.16/turn

%: faith
@: resistant
A: hooves 2, horns 2, demonic guardian 1, ignite blood 2, weakness stinger 2,
agile 1, cold resistance 1, dopey 1, inability to read after injury 2, noise
suppression
a: Renounce Religion


You were on level 11 of the Dungeon.
You worshipped Xom.
You were a plaything of Xom.
You visited 3 branches of the dungeon, and saw 14 of its levels.
You also visited: Bailey.

You collected 1805 gold pieces.
You spent 502 gold pieces at shops.

Inventory:

Hand Weapons
 a - a +0 hand axe of chaos
 A - the +3 whip "Xeis Jile" {venom, rPois rF+++ rCorr Dex-4 Stlth-}
   (You found it on level 10 of the Dungeon)

   Dex-4:     It affects your dexterity (-4).
   rF+++:     It renders you almost immune to fire.
   rPois:     It protects you from poison rCorr: It protects you from acid and
   corrosion.
   Stlth-:    It makes you less stealthy.
 I - a +3 executioner's axe of distortion (weapon)
 L - a +0 war axe
Missiles
 d - 4 javelins (quivered)
 k - 6 poisoned darts
 w - 4 throwing nets
 y - a curare-tipped dart
 G - 15 boomerangs
Armour
 f - a +0 pair of boots (worn)
 q - a +3 scale mail of cold resistance (worn)
 K - a +0 pair of gloves (worn)
 O - a +1 hat (worn)
Magical Staves
 e - a staff of earth
 v - a staff of air
Jewellery
 g - a ring of magical power
 o - an amulet of faith (around neck)
 s - a +5 ring of evasion
 t - a +4 ring of slaying
 x - an amulet of guardian spirit
 E - a ring of poison resistance (right hand)
 H - a ring of protection from fire
 P - a +4 ring of protection
 R - a +6 ring of dexterity (left hand)
 S - a ring of protection from cold
Talismans
 i - a flux talisman
 M - a dragon-blood talisman
Wands
 h - a wand of charming (18)
 r - a wand of flame (1)
 C - a wand of digging (4)
 J - a wand of quicksilver (1)
 T - a wand of iceblast (1)
Scrolls
 c - 3 scrolls of vulnerability
 j - 3 scrolls of teleportation
 z - a scroll of noise
 B - a scroll of immolation
 N - a scroll of amnesia
 Q - 2 scrolls of identify
Potions
 b - 2 potions of resistance
 l - a potion of attraction
 p - a potion of enlightenment
 u - 6 potions of lignification
 D - 3 potions of cancellation
 V - a potion of mutation


   Skills:
 * Level 8.0 Fighting
 * Level 7.1 Axes
 - Level 3.0 Throwing
 * Level 6.1 Armour
 * Level 6.8 Dodging
 + Level 4.9 Stealth
 + Level 4.3 Unarmed Combat
 * Level 5.1 Spellcasting
 + Level 3.5 Conjurations
 + Level 4.4 Summonings
 * Level 5.8 Necromancy
 + Level 3.0 Alchemy
 * Level 5.3 Evocations
 + Level 2.1 Shapeshifting


You had 7 spell levels left.
You knew the following spells:

 Your Spells              Type           Power      Damage    Failure   Level
a - Volatile Blastmotes   Fire/Tloc      4%         2d10      93%         3
b - Summon Blazeheart Go  Fire/Summ      7%         N/A       97%         4
c - Dispel Undead         Necr           15%        3d10      56%         4
d - Kiss of Death         Conj/Necr      52%        2d9       12%         1
e - Mercury Vapours       Alch/Air       12%        N/A       54%         2

Your spell library contained the following spells:

 Spells                   Type           Power      Damage    Failure   Level
 Mephitic Cloud           Conj/Alch/Air  7%         N/A       67%         3
 Summon Ice Beast         Ice/Summ       7%         N/A       67%         3
 Scorch                   Fire           4%         2d5       75%         2
 Hailstorm                Conj/Ice       6%         3d5       75%         3
 Confusing Touch          Hex            2%         N/A       93%         3
 Fireball                 Conj/Fire      3%         3d4       100%        5
 Freezing Cloud           Conj/Ice/Air   2%         6-21      100%        5
 Sculpt Simulacrum        Ice/Alch       3%         N/A       100%        6
 Ignition                 Fire           1%         3d3       100%        8


Dungeon Overview and Level Annotations

Branches:
Dungeon (12/15)            Temple (1/1) D:6            Lair (0/5) D:10
    Orc (1/2) D:9          Bailey (visited)

Altars:
Ashenzari
Cheibriados
Dithmenos
Fedhas
Gozag
Hepliaklqana
Kikubaaqudgha
Makhleb
Nemelex Xobeh
Okawaru
Qazlal
Ru
Sif Muna
Trog
Uskayaw
Vehumet
Wu Jian
Xom
Yredelemnul

Shops:
D:6 *

Portals:
Ice
Cave: D:11


Innate Abilities, Weirdness & Mutations

You have hoof-like feet.
You have a pair of horns on your head.
A weak demonic guardian rushes to your aid.
Your demonic aura often causes spilled blood to erupt in flames.
You have a tail ending in a sharp stinger.
You are agile. (Dex +4, Str/Int -1)
Your flesh is cold resistant. (rC+)
You are dopey. (Int -2)
You sometimes lose the ability to read scrolls when taking damage.
You passively dampen the noise of your surroundings.


Message History

You are now a plaything of Xom.
Aiming: Throw Flame
Press: ? - help, Shift-Dir - straight line, f/p - kobold demonologist
Aim: a kobold demonologist, wielding a +0 dagger and wearing a +0 robe (moderately wounded, 64% to hit)
The puff of flame hits the kobold demonologist!
The kobold demonologist is heavily wounded.
Unknown command.
You barely miss the kobold demonologist.
The kobold demonologist is heavily wounded.
The kobold demonologist hits you but does no damage.
You slice the kobold demonologist!!
Space warps around the kobold demonologist!
You kill the kobold demonologist!
Your Alchemy skill increases to level 3!
You hear the quick crackling of a melting archway nearby.
Things that are here:
a +0 dagger; a +0 robe
Found an escape hatch in the ceiling.
You hear Xom's maniacal laughter.
Things that are here:
a yak corpse; a yak corpse The gargoyle hurls a stone arrow at you.
The stone arrow hits you.
* * * LOW HITPOINT WARNING * * *
A demonic guardian appears!
The polar bear bites your quasit.
The polar bear barely misses your quasit.
The polar bear claws your quasit.
Aiming: Throw Flame
Press: ? - help, Shift-Dir - straight line, f - gargoyle
Aim: a gargoyle, wielding a +0 mace (summoned, 88% to hit)
The puff of flame hits the gargoyle.
The gargoyle is lightly damaged.
The polar bear looks more energetic.
Your quasit bites the polar bear but does no damage.
Your quasit closely misses the polar bear.
Your quasit barely misses the polar bear.
The gargoyle hurls a stone arrow at you.
The stone arrow hits you!
You die... "This toy is broken."

#####
##...##
#.....#
#..∩..#
#..h..
#..5##
##...#
#.@### ##†#
#9## ##C#
##.##
###9####
#....#.##
####....#
.. ########
##.#.##....


You could see a cyclops (summoned), a polar bear (distracted, ally target), a
gargoyle (summoned) and a friendly quasit (summoned).

Vanquished Creatures
  Gastronok (D:9)
  An ice dragon (D:11)
  Harold (D:9)
  A centaur warrior (D:12)
  3 two-headed ogres
  Lodul (D:10)
  A deep elf pyromancer (D:12)
  A manticore (D:11)
  A rime drake (D:10)
  A kobold demonologist (D:11)
  2 trolls
  Prince Ribbit (D:8)
  A polar bear (D:11)
  A wraith (D:12)
  2 wyverns
  16 yaks
  A steam dragon (D:10)
  A water moccasin (D:7)
  A black bear (D:5)
  5 orc warriors
  7 ice beasts
  A sky beast (D:7)
  9 ogres
  The ghost of DaftaChap the Cudgeller, an amateur MDWr (D:3)
  3 wolves (D:10)
  4 centaurs
  A kobold brigand (D:9)
  4 bullfrogs
  2 gnoll sergeants
  3 scorpions
  3 wights (D:7)
  11 killer bees
  2 howler monkeys (D:9)
  4 electric eels (D:9)
  A bombardier beetle (D:6)
  8 orc priests
  A hound (D:6)
  An iguana (D:6)
  A sleepcap (D:8)
  Ijyb (D:5)
  Terence (D:2)
  Natasha (twice) (D:3)
  9 orc wizards
  26 gnolls
  13 adders
  3 white imps
  6 ufetubi
  A ribbon worm (D:2)
  3 dart slugs
  61 orcs
  7 ball pythons
  7 endoplasms
  2 giant cockroaches (D:4)
  10 hobgoblins
  2 jackals (D:1)
  3 quokkas
  9 bats
  4 frilled lizards (D:1)
  6 goblins
  14 kobolds
  7 rats
307 creatures vanquished.

Vanquished Creatures (collateral kills)
  Maggie (D:6)
  Sigmund (D:2)
  A yak (D:4)
  3 ice beasts
  An ogre (D:10)
  A phantom (D:6)
  A bullfrog (D:6)
  A scorpion (D:6)
  A killer bee (D:10)
  A hound (D:6)
  An iguana (D:6)
  3 gnolls (D:6)
  An orc (D:5)
  A kobold (D:1)
18 creatures vanquished.

Vanquished Creatures (others)
  A wyvern (D:10)
  A steam dragon (D:8)
  Natasha (D:3)
  An orc wizard (D:11)
4 creatures vanquished.

Grand Total: 329 creatures vanquished

Notes
Turn   | Place    | Note
-------+----------+-------------------------------------------
     0 | D:1      | ezpacito the Demonspawn Chaos Knight began the quest for
                  | the Orb.
     0 | D:1      | Reached XP level 1. HP: 18/18 MP: 1/1
    28 | D:1      | Reached skill level 1 in Dodging
    84 | D:1      | Discovered your monstrous ancestry.
    84 | D:1      | Gained mutation: You have large cloven feet. [demonic
                  | ancestry]
    84 | D:1      | Reached XP level 2. HP: 24/24 MP: 2/2
   183 | D:1      | XOM: divination: detect creatures
   324 | D:1      | XOM: summons 2 hostile demons
   432 | D:1      | XOM: confusion (+ monsters)
   441 | D:1      | Gained mutation: A weak demonic guardian rushes to your
                  | aid. [demonic ancestry]
   441 | D:1      | Reached XP level 3. HP: 28/29 MP: 3/3
   478 | D:1      | XOM: god gift: 31 gold pieces
  1396 | D:2      | Found a faded altar of an unknown god.
  1457 | D:2      | Noticed Sigmund
  1463 | D:2      | XOM: cast spell 'Summon Cactus Giant'
  1466 | D:2      | Killed Sigmund
  1467 | D:2      | Reached skill level 1 in Stealth
  1467 | D:2      | Reached skill level 1 in Unarmed Combat
  1467 | D:2      | Reached skill level 1 in Spellcasting
  1467 | D:2      | Reached XP level 4. HP: 21/37 MP: 5/5
  1467 | D:2      | Gained mutation: Your demonic aura sometimes causes spilled
                  | blood to erupt in flames. [demonic ancestry]
  1467 | D:2      | Reached XP level 5. HP: 24/42 MP: 6/6
  1687 | D:2      | Noticed Terence
  1693 | D:2      | Killed Terence
  1694 | D:2      | Reached skill level 4 in Fighting
  1838 | D:2      | Gained mutation: You have a small tail. [demonic ancestry]
  1838 | D:2      | Reached XP level 6. HP: 40/48 MP: 6/8
  1844 | D:2      | XOM: swap monsters
  1914 | D:2      | XOM: 4-stop teleportation journey
  2243 | D:3      | XOM: 1-stop teleportation journey
  2253 | D:3      | XOM: polymorph jelly -> ball python
  2337 | D:3      | XOM: god gift: staff of earth
  2366 | D:3      | XOM: god gift: Cerebov's Folio of Immolation {god gift}
  2367 | D:3      | Got Cerebov's Folio of Immolation {god gift}
  2446 | D:3      | Learned a level 3 spell: Volatile Blastmotes
  2451 | D:3      | Learned a level 4 spell: Summon Blazeheart Golem
  2470 | D:3      | XOM: silly message
  2579 | D:3      | Noticed Natasha
  2585 | D:3      | Killed Natasha
  2585 | D:3      | XOM: divine lightning
  2639 | D:3      | XOM: god gift: tubular tourmaline ring {god gift}
  2702 | D:3      | Noticed Natasha
  2707 | D:3      | Killed Natasha
  2744 | D:3      | Found a runed translucent door.
  2749 | D:3      | Noticed DaftaChap's ghost (amateur MDWr)
  2986 | D:3      | Noticed Natasha
  2991 | D:3      | XOM: swap monsters
  2991 | D:3      | Killed Natasha
  3075 | D:3      | XOM: give mutations
  3075 | D:3      | Gained mutation: Your body sometimes deteriorates upon
                  | taking damage. [Xom's mischief]
  3075 | D:3      | Gained mutation: Your movements are slightly less
                  | encumbered by armour. (ER -2) [Xom's mischief]
  3162 | D:3      | XOM: stat loss: -1 Str (14/15)
  3219 | D:3      | Killed DaftaChap's ghost
  3220 | D:3      | Reached XP level 7. HP: 41/55 MP: 9/9
  3668 | D:4      | Reached skill level 1 in Summonings
  3697 | D:4      | XOM: summons 2 hostile shadow creatures
  3933 | D:4      | Reached skill level 1 in Evocations
  3961 | D:4      | Found a blossoming altar of Fedhas.
  4071 | D:4      | Noticed a yak
  4071 | D:4      | Noticed a yak
  4071 | D:4      | Noticed a yak
  4071 | D:4      | Noticed a yak
  4072 | D:4      | Noticed a yak
  4072 | D:4      | Noticed a yak
  4075 | D:4      | XOM: divination: detect creatures
  4077 | D:4      | Killed a yak
  4078 | D:4      | Reached skill level 1 in Throwing
  4089 | D:4      | XOM: cast spell 'Summon Small Mammal'
  4094 | D:4      | Killed a yak
  4096 | D:4      | Killed a yak
  4097 | D:4      | Reached skill level 5 in Fighting
  4097 | D:4      | Gained mutation: You have hoof-like feet. [demonic
                  | ancestry]
  4097 | D:4      | Reached XP level 8. HP: 41/62 MP: 11/11
  4102 | D:4      | XOM: cast spell 'Summon Ice Beast'
  4119 | D:4      | XOM: cast spell 'Fugue of the Fallen'
  4176 | D:5      | Entered Level 5 of the Dungeon
  4200 | D:5      | XOM: potion effect (brilliance)
  4202 | D:5      | Reached skill level 5 in Axes
  4209 | D:5      | XOM: silly message
  4220 | D:5      | XOM: divination: detect items
  4233 | D:5      | XOM: silly message
  4270 | D:5      | XOM: silly message
  4386 | D:5      | Gained mutation: You have a pair of small horns on your
                  | head. [demonic ancestry]
  4386 | D:5      | Reached XP level 9. HP: 58/69 MP: 12/12
  4435 | D:5      | XOM: noise
  4436 | D:5      | XOM: god gift: 26 gold pieces
  4475 | D:5      | Learned a level 4 spell: Dispel Undead
  4477 | D:5      | Learned a level 1 spell: Kiss of Death
  4727 | D:5      | Noticed Ijyb
  4731 | D:5      | Killed Ijyb
  4782 | D:5      | Reached skill level 1 in Necromancy
  4897 | D:6      | Noticed Maggie
  4909 | D:6      | Reached skill level 6 in Fighting
  4909 | D:6      | Killed Maggie
  4912 | D:6      | Reached skill level 1 in Conjurations
  4946 | D:6      | Found Jaky's Specific Store.
  4948 | D:6      | Found Nene's General Store.
  4952 | D:6      | Bought a potion of curing for 39 gold pieces
  4952 | D:6      | Bought a potion of resistance for 130 gold pieces
  4952 | D:6      | Bought a scroll of poison for 52 gold pieces
  4952 | D:6      | Bought a scroll of noise for 13 gold pieces
  5316 | D:6      | Reached skill level 5 in Dodging
  5413 | D:6      | XOM: cloud trail
  5451 | D:6      | XOM: divination: detect creatures
  5658 | D:7      | XOM: summons friendly quasit
  5776 | D:7      | Learned a level 2 spell: Mercury Vapours
  5890 | D:7      | XOM: 2-stop teleportation journey
  5908 | D:7      | XOM: noise
  5914 | D:7      | Gained mutation: Your demonic aura often causes spilled
                  | blood to erupt in flames. [demonic ancestry]
  5914 | D:7      | Reached XP level 10. HP: 76/77 MP: 14/14
  5936 | D:7      | XOM: polymorph bullfrog -> adder
  5938 | D:7      | XOM: summons friendly quasit
  6189 | D:8      | XOM: cast spell 'Dispersal'
  6219 | D:8      | Found a flagged portal.
  6219 | D:8      | XOM: 3-stop teleportation journey
  6257 | D:8      | Identified a scroll of acquirement
  6257 | D:8      | Acquired a +2 executioner's axe of distortion
  6261 | Bailey   | Entered a bailey
  6276 | Bailey   | Lost mutation: Your body sometimes deteriorates upon taking
                  | damage. [potion of mutation]
  6276 | Bailey   | Lost mutation: Your movements are slightly less encumbered
                  | by armour. (ER -2) [potion of mutation]
  6276 | Bailey   | Gained mutation: You are vulnerable to heat. (rF-) [potion
                  | of mutation]
  6277 | Bailey   | Lost mutation: You are vulnerable to heat. (rF-) [potion of
                  | mutation]
  6277 | Bailey   | Gained mutation: Your flesh is cold resistant. (rC+)
                  | [potion of mutation]
  6277 | Bailey   | Gained mutation: You occasionally lose the ability to read
                  | scrolls when taking damage. [potion of mutation]
  6277 | Bailey   | Gained mutation: You do not regenerate when monsters are
                  | visible. [potion of mutation]
  6277 | Bailey   | Gained mutation: Your mind is acute. (Int +4, Str/Dex -1)
                  | [potion of mutation]
  6440 | Bailey   | XOM: scenery: 6 doors open, 2 doors close
  6626 | Bailey   | XOM: scenery: 1 doors open, 2 doors close
  6671 | Bailey   | XOM: divination: magic mapping
  6799 | D:8      | XOM: divine lightning
  6897 | D:8      | XOM: scenery: summon butterflies
  6996 | D:8      | Noticed Prince Ribbit
  7005 | D:8      | XOM: enchant monster (bad)
  7006 | D:8      | Killed Prince Ribbit
  7112 | D:8      | Noticed a two-headed ogre
  7118 | D:8      | Killed a two-headed ogre
  7304 | D:8      | XOM: silly message
  7488 | D:8      | XOM: god gift: hand axe {god gift}
  7530 | D:8      | XOM: silly message
  7690 | D:9      | Noticed Gastronok
  7692 | D:9      | XOM: divination: detect items
  7700 | D:9      | Killed Gastronok
  7701 | D:9      | Reached skill level 5 in Armour
  7701 | D:9      | Reached skill level 1 in Alchemy
  7890 | D:9      | XOM: god gift: lajatang {god gift}
  7919 | D:9      | XOM: cloud trail
  7959 | D:9      | Noticed Harold
  7967 | D:9      | XOM: noise
  7969 | D:9      | Reached skill level 7 in Fighting
  7969 | D:9      | Reached skill level 1 in Shapeshifting
  7974 | D:9      | Killed Harold
  7975 | D:9      | Gained mutation: You have a tail ending in a sharp stinger.
                  | [demonic ancestry]
  7975 | D:9      | Reached XP level 11. HP: 58/84 MP: 15/17
  8195 | D:9      | XOM: 2-stop teleportation journey
  8198 | D:9      | XOM: enchant monster (good)
  8302 | D:9      | XOM: confuse monster(s)
  8304 | D:9      | XOM: potion effect (haste)
  8692 | D:9      | Found a staircase to the Orcish Mines.
  8866 | D:9      | XOM: noise
  8949 | D:9      | XOM: divination: detect items
  9184 | D:9      | Found an ornate altar of the Wu Jian Council.
  9390 | D:10     | Entered Level 10 of the Dungeon
  9393 | D:10     | Noticed Lodul
  9401 | D:10     | Killed Lodul
  9615 | D:10     | XOM: silly message
  9636 | D:10     | Noticed a two-headed ogre
  9640 | D:10     | XOM: summons 5 hostile demons
  9643 | D:10     | Killed a two-headed ogre
  9644 | D:10     | Reached skill level 5 in Necromancy
  9886 | D:10     | XOM: stat loss: -1 Dex (12/13)
  9894 | D:10     | XOM: divine lightning
  9931 | D:10     | XOM: scenery: 1 doors close
  9933 | D:10     | XOM: fog
  9971 | D:10     | XOM: 3-stop teleportation journey
  9975 | D:10     | XOM: scenery: 1 doors open
 10021 | D:10     | XOM: give mutation
 10021 | D:10     | Gained mutation: You are agile. (Dex +4, Str/Int -1) [Xom's
                  | grace]
 10123 | D:10     | Identified the +3 whip "Xeis Jile" {venom, rPois rF+++
                  | rCorr Dex-4 Stlth-}
 10211 | D:10     | XOM: 5-stop teleportation journey
 10359 | D:10     | Found a staircase to the Lair.
 10359 | D:10     | XOM: summons 8 friendly demons
 10410 | D:10     | XOM: cloud trail
 10468 | D:10     | XOM: scenery: summon butterflies
 10675 | D:10     | XOM: god gift: scroll of teleportation
 11024 | D:6      | Bought a wand of iceblast (4) for 124 gold pieces
 11028 | D:6      | Bought 6 boomerangs for 144 gold pieces
 11138 | D:6      | XOM: scenery: summon butterflies
 11165 | D:6      | XOM: polymorph butterfly -> shapeshifter
 11198 | D:6      | XOM: give mutations
 11198 | D:6      | Gained mutation: You passively dampen the noise of your
                  | surroundings. [Xom's grace]
 11198 | D:6      | Gained mutation: You have a pair of horns on your head.
                  | [Xom's grace]
 11223 | D:6      | Found a staircase to the Ecumenical Temple.
 11234 | Temple   | Entered the Ecumenical Temple
 11327 | D:8      | XOM: give mutations
 11327 | D:8      | Lost mutation: You do not regenerate when monsters are
                  | visible. [Xom's mischief]
 11327 | D:8      | Gained mutation: You sometimes lose the ability to read
                  | scrolls when taking damage. [Xom's mischief]
 11367 | Orc:1    | Entered Level 1 of the Orcish Mines
 11367 | Orc:1    | Noticed an ogre mage
 11367 | Orc:1    | Noticed a two-headed ogre
 11367 | Orc:1    | Noticed a two-headed ogre
 11367 | Orc:1    | Noticed a two-headed ogre
 11367 | Orc:1    | Noticed a two-headed ogre
 11403 | D:11     | XOM: stealth player
 11460 | D:11     | Reached skill level 5 in Evocations
 11464 | D:11     | XOM: silly message
 11482 | D:11     | Noticed a sixfirhy
 11572 | D:12     | XOM: confuse monster(s)
 11608 | D:12     | Noticed a centaur warrior
 11614 | D:12     | Killed a centaur warrior
 11645 | D:12     | Noticed a deep elf pyromancer
 11657 | D:12     | Killed a deep elf pyromancer
 11658 | D:12     | Reached XP level 12. HP: 7/92 MP: 19/19
 11740 | D:12     | Noticed a two-headed ogre
 11751 | D:12     | HP: 3/92 [two-headed ogre/+0 giant club (10)]
 11752 | D:12     | Killed a two-headed ogre
 11766 | D:12     | Acquired 940 gold pieces
 11789 | D:11     | XOM: give mutations
 11789 | D:11     | Lost mutation: Your mind is acute. (Int +4, Str/Dex -1)
                  | [Xom's mischief]
 11789 | D:11     | Gained mutation: You are dopey. (Int -2) [Xom's mischief]
 11804 | D:11     | Found a frozen archway.
 11807 | D:11     | Noticed an ice dragon
 11808 | D:11     | Reached skill level 8 in Fighting
 11808 | D:11     | Reached skill level 5 in Spellcasting
 11821 | D:11     | XOM: 3-stop teleportation journey
 11821 | D:11     | Killed an ice dragon
 11842 | D:11     | XOM: summons 2 hostile shadow creatures
 11848 | D:11     | Killed from afar by a gargoyle

Illustrated notes

Levels and vault maps discovered:
D:1:      minmay_arrival_stair_chambers, layout_loops_ring,
          serial_co_window_serial, co_window_paths_b, co_window_paths_a,
          co_window_paths_b, co_window_of_opportunity_a, co_window_paths_a,
          co_window_2corner, co_window_2corner, co_window_corner_b,
          co_window_corner_cb, co_window_paths_d, glass_columns_c,
          glass_columns_a, minmay_split_cup_large
D:2:      layout_loops_ring, serial_bayou, serial_bayou_shore_a,
          serial_bayou_crossing, serial_bayou_pond_a, serial_bayou_ford_a,
          nicolae_ecumenical_pavilion, uniq_terence, uniq_sigmund
D:3:      layout_loops_corners, ebering_ghost_sewer_d, uniq_natasha
D:4:      layout_loops_corners, lemuel_coloured_pillars_altar
D:5:      minmay_angry_zag, layout_rooms, uniq_ijyb
D:6:      nicolae_cairo_tiling, layout_rooms, temple_hall,
          nicolae_specific_store, minmay_starry_boxes, uniq_maggie
D:7:      layout_basic
D:8:      layout_loops_ring, enter_bailey_5, uniq_prince_ribbit1
D:9:      layout_basic, pdpol_wu_jian_five_deadly_venoms, hiddenorc2_lemuel,
          uniq_gastronok, uniq_harold
D:10:     layout_basic, hellmonk_lair_entry_icy, uniq_lodul
D:11:     layout_rooms, portal_ice_cave_entry_animals_and_master
D:12:     layout_gridville, elyvilon_altar_5
Temple:   nicolae_temple_slightly_damp_pantheon
Orc:1:    layout_caves, minmay_shop_enchanted_jewellery, lightli_orcish_oven

Skill      XL: |  1  2  3  4  5  6  7  8  9 10 11 12 |
---------------+-------------------------------------+-----
Dodging        | 1 2 3 4 5 6 |  6.8
Armour         | 2 3 4 5 6 |  6.1
Axes           | 3 4 5 6 7 |  7.1
Stealth        | 1 2 3 4 |  4.9
Unarmed Combat | 1 2 3 4 |  4.3
Spellcasting   | 1 2 3 4 5 |  5.1
Fighting       | 4 5 6 7 8 |  8.0
Summonings     | 1 2 3 4 |  4.4
Evocations     | 1 2 3 4 5 |  5.3
Throwing       | 1 2 3 |  3.0
Necromancy     | 2 4 5 |  5.8
Conjurations   | 1 2 3 |  3.5
Alchemy        | 1 2 3 |  3.0
Shapeshifting  | 1 2 |  2.1

Action                     |  1- 3 |  4- 6 |  7- 9 | 10-12 || total
---------------------------+-------+-------+-------+-------++-------
  Melee: Hand axe          |   111 |    96 |   169 |    50 ||   426
         Kick              |    17 |    30 |    49 |    77 ||   173
         Tailslap          |       |     8 |    35 |    49 ||    92
         Headbutt          |       |       |    12 |    53 ||    65
         Executioner's axe |       |       |       |   280 ||   280
  Evoke: Wand              |       |       |     4 |    18 ||    22
    Use: Scroll            |       |     6 |    13 |    16 ||    35
         Potion            |       |     1 |     9 |    32 ||    42
   Stab: Confused          |     1 |       |     1 |     2 ||     4
         Distracted        |       |       |     1 |     1 ||     2
         Paralysed         |       |       |     1 |       ||     1
         Sleeping          |       |       |       |     4 ||     4
 Armour: Leather armour    |    54 |       |       |       ||    54
         Ring mail         |    21 |    71 |       |       ||    92
         Scale mail        |       |       |    94 |   381 ||   475
  Dodge: Dodged            |    68 |    56 |   153 |   527 ||   804

Table legend: (Time is in decaauts)
 A = Elapsed time spent in this place.
 B = Non-inter-level travel time spent in this place.
 C = Inter-level travel time spent in this place.
 D = Time resting spent in this place.
 E = Time spent auto-exploring this place.
 F = Levels seen in this place.
 G = Mean time per level.
                   A        B        C        D        E       F      G
               +--------+--------+--------+--------+--------+-----+--------+
         Total |  12059 |  11436 |    623 |    859 |   8025 |  15 |  803.9 |
       Dungeon |  11551 |  10930 |    621 |    859 |   7704 |  12 |  962.6 |
        Temple |      1 |      1 |      0 |      0 |      0 |   1 |    1.0 |
  Orcish Mines |      1 |      1 |      0 |      0 |      0 |   1 |    1.0 |
        Bailey |    504 |    504 |      0 |      0 |    321 |   1 |  504.0 |
               +--------+--------+--------+--------+--------+-----+--------+

Top non-repeatable levels by time:
     D:9: 1854 daAuts
    D:10: 1614 daAuts
     D:1: 1411 daAuts
     D:3: 1132 daAuts
     D:8: 1065 daAuts
     D:2: 876 daAuts
     D:6: 860 daAuts
     D:4: 827 daAuts
     D:7: 735 daAuts
     D:5: 721 daAuts
  Bailey: 504 daAuts
    D:12: 307 daAuts
    D:11: 142 daAuts
   Orc:1: 1 daAuts
  Temple: 1 daAuts
